 Dungeon Crawl Stone Soup version 0.31-a0-180-g519b7de00c (webtiles) character file.

Game seed: 8530248832562905108

5589 innerfire43 the Spear-Bearer (level 10, -9/79 HPs)
             Began as a Demonspawn Monk on June 19, 2023.
             Mangled by a yak (10 damage)
             ... on level 8 of the Dungeon.
             The game lasted 00:08:55 (7256 turns).

innerfire43 the Spear-Bearer (Demonspawn Monk)      Turns: 7256, Time: 00:08:57

Health: -9/79      AC:  9    Str: 16    XL:     10   Next: 45%
Magic:  0/10       EV: 16    Int: 19    God:
Gold:   504        SH:  0    Dex: 22    Spells: 9/9 levels left

rFire   . . .        t - +7 spear of the Winnowing Big Fish {drain, rPois rN+ Int+2}
rCold   . . .        d - orb {light}
rNeg    + . .        N - +0 steam dragon scales
rPois   +            (helmet restricted)
rElec   .            (no cloak)
rCorr   .            (no gloves)
SInv    .            p - +0 pair of boots
Will    .....        (no amulet)
Stlth   +            y - +6 ring of dexterity
HPRegen 0.33/turn    F - +6 ring of intelligence
MPRegen 0.24/turn

%: guardian spirit
@: glowing, studying Axes
A: horns 1, thin metallic scales 2, magic shield, magic regeneration
a: no special abilities


You were on level 8 of the Dungeon.
You visited 1 branch of the dungeon, and saw 9 of its levels.

You collected 504 gold pieces.

Inventory:

Hand Weapons
 a - a +0 spear
 t - the +7 spear of the Winnowing Big Fish (weapon) {drain, rPois rN+ Int+2}
   (You found it on level 3 of the Dungeon)

   Int:       It affects your intelligence (+2).
   rPois:     It protects you from poison.
   rN:        It protects you from negative energy.
 G - the +6 sling "Tevevinn" {heavy, *Slow rElec rN++ Will- Dex+3}
   (You found it on level 6 of the Dungeon)

   Dex:       It affects your dexterity (+3).
   rElec:     It insulates you from electricity.
   rN:        It greatly protects you from negative energy.
   *Slow:     It may slow you when you take damage.
   Will:      It decreases your willpower.
Armour
 b - a +0 robe
 d - an orb of light (worn)
 m - a +0 leather armour
 p - a +0 pair of boots (worn)
 r - a +0 helmet
 N - +0 steam dragon scales (worn)
Jewellery
 c - an amulet of guardian spirit
 u - a ring of positive energy
 y - a +6 ring of dexterity (left hand)
 F - a +6 ring of intelligence (right hand)
 H - a ring of resist corrosion
 I - a ring of poison resistance
Wands
 B - a wand of light (7)
Scrolls
 e - 7 scrolls of teleportation {unknown}
 f - 4 scrolls of fear {unknown}
 g - a scroll of brand weapon {unknown}
 i - 5 scrolls of identify {unknown}
 j - 2 scrolls of amnesia {unknown}
 k - 4 scrolls of enchant weapon {unknown}
 q - 2 scrolls of immolation {unknown}
 C - a scroll of revelation {unknown}
 D - a scroll of vulnerability {unknown}
 E - 2 scrolls of blinking {unknown}
 L - a scroll of noise {unknown}
Potions
 l - 2 potions of lignification {unknown}
 n - a potion of heal wounds {unknown}
 o - 3 potions of degeneration {unknown}
 s - 2 potions of brilliance {unknown}
 v - 3 potions of enlightenment {unknown}
 w - a potion of invisibility {unknown}
 x - a potion of magic {unknown}
 z - 3 potions of mutation {unknown}
 A - a potion of haste {unknown}
 J - a potion of ambrosia
 K - a potion of berserk rage {unknown}
 M - a potion of cancellation {unknown}


   Skills:
 + Level 7.0 Fighting
 * Level 12.5 Polearms
 - Level 0.3 Armour
 + Level 5.4 Dodging
 - Level 0.1 Stealth


You had 9 spell levels left.
You didn't know any spells.
Your spell library contained the following spells:

 Spells                   Type           Power      Damage    Failure   Level
 Necrotise                Necr           0%         1d4       21%         1
 Cigotuvi's Dreadful Rot  Necr/Pois/Air  0%         N/A       30%         2
 Vampiric Draining        Necr           0%         2d6       52%         3
 Dispel Undead            Necr           0%         3d6       90%         4
 Agony                    Necr           0%         N/A       99%         5
 Death Channel            Necr           0%         N/A       100%        6


Dungeon Overview and Level Annotations

Branches:
Dungeon (9/15)             Temple (0/1) D:7
   Lair: D:8-11         Orc: D:9-12

Altars:
Ashenzari
Kikubaaqudgha
Qazlal
Sif Muna
Yredelemnul

Shops:
D:3 :

Annotations:
D:5 2 transporters, Menkaure
D:6 1 runed translucent door


Innate Abilities, Weirdness & Mutations

You have a pair of small horns on your head.
You are mostly covered in thin metallic scales. (AC +3)
When hurt, damage is shared between your health and your magic reserves.
You regenerate magic rapidly.


Message History

* * * LOW HITPOINT WARNING * * *
The yak closely misses you. The yak gores you.
* * * LOW HITPOINT WARNING * * *
The yak gores you.
* * * LOW HITPOINT WARNING * * *
The yak barely misses you. x3; The yak closely misses you. x2
You climb upwards.
There is a stone staircase leading down here.
It was a potion of curing.
You feel better. The yak gores you!
* * * LOW HITPOINT WARNING * * *
The yak gores you!
* * * LOW HITPOINT WARNING * * *
The yak barely misses you. The yak completely misses you.
The yak closely misses you.
You feel better. The yak closely misses you. The yak gores you!
* * * LOW HITPOINT WARNING * * *
The yak gores you.
* * * LOW HITPOINT WARNING * * *
The yak gores you but does no damage. The yak gores you.
* * * LOW HITPOINT WARNING * * *
You feel better. The yak gores you but does no damage. The yak misses you.
The yak barely misses you.
The yak gores you but does no damage. x2
You puncture the yak! You drain the yak.
You headbutt the yak, but do no damage.
The yak is moderately wounded.
You hit the yak but do no damage. The yak misses you.
The yak barely misses you. The yak gores you.
* * * LOW HITPOINT WARNING * * *
The yak gores you.
* * * LOW HITPOINT WARNING * * *
The yak barely misses you.
You completely miss the yak. You hit the yak but do no damage.
You drain the yak.
The yak is lightly wounded.
The yak misses you. The yak gores you.
* * * LOW HITPOINT WARNING * * *
The yak gores you.
* * * LOW HITPOINT WARNING * * *
The yak gores you!
You die...

..)##.....#
#...............
...##....##
######...............
...##....#
#....#.......##......
...##...##
##..........###.#....
...##..##
#..........##..####.
...##.## #..........##.##
## ...#..#
##............## ...##.#
#Y.Y..........## ...##.#
#.@Y...........### ...##.#
##YY.............# #..##.#
#..............## ##.##.#
#..............# #....#
#..............# ####.##
##.............##
#..###### #..............#
##......###..........)...#
#.......#..............##


You could see 5 yaks.

Vanquished Creatures
  A two-headed ogre (D:8)
  A cyclops (D:8)
  An unseen horror (shapeshifter) (D:8)
  Grinder (D:5)
  Prince Ribbit (D:5)
  A yak (D:9)
  A wyvern (D:7)
  Eustachio (D:5)
  2 steam dragons (D:8)
  Duvessa (D:4)
  An acid dragon (D:8)
  3 ice beasts
  An orc warrior (D:7)
  4 black bears
  3 centaurs
  3 ogres (D:7)
  Blork the orc (D:5)
  A kobold brigand (D:7)
  2 bullfrogs
  13 scorpions
  Dowan (D:4)
  A killer bee (D:6)
  3 howler monkeys (D:8)
  4 hounds
  6 orc priests
  5 iguanas
  3 orc wizards
  4 adders
  3 shadow imps
  3 white imps
  An ufetubus (D:5)
  2 dart slugs
  16 orcs
  3 bats (D:3)
  5 endoplasms
  7 giant cockroaches
  3 goblins
  5 hobgoblins
  9 kobolds
  4 quokkas
  3 ball pythons
  3 frilled lizards
  8 rats
  A butterfly (D:6)
146 creatures vanquished.

Notes
Turn   | Place    | Note
-------+----------+-------------------------------------------
     0 | D:1      | innerfire43 the Demonspawn Monk began the quest for the
                  | Orb.
     0 | D:1      | Reached XP level 1. HP: 18/18 MP: 1/1
   973 | D:2      | Gained mutation: You regenerate magic rapidly. [demonic
                  | ancestry]
   973 | D:2      | Reached XP level 2. HP: 24/24 MP: 2/2
  1160 | D:2      | Identified the +0 helmet of Prudence {Will+ Str+4}
  1457 | D:2      | Reached skill level 3 in Polearms
  1492 | D:2      | Gained mutation: You are partially covered in thin metallic
                  | scales. (AC +2) [demonic ancestry]
  1492 | D:2      | Reached XP level 3. HP: 24/29 MP: 3/3
  1605 | D:2      | Gained mutation: You are mostly covered in thin metallic
                  | scales. (AC +3) [demonic ancestry]
  1605 | D:2      | Reached XP level 4. HP: 32/37 MP: 4/4
  2032 | D:3      | Found a broken altar of Ashenzari.
  2098 | D:3      | Identified the +7 spear of the Winnowing Big Fish {drain,
                  | rPois rN+ Int+2}
  2357 | D:3      | Found Luextoh's Book Shop.
  2434 | D:3      | Noticed a scorpion
  2438 | D:3      | Killed a scorpion
  2439 | D:3      | Reached skill level 4 in Polearms
  2439 | D:3      | Reached XP level 5. HP: 42/42 MP: 5/5
  2696 | D:4      | Noticed Duvessa
  2700 | D:4      | Noticed Dowan
  2707 | D:4      | Killed Duvessa
  2711 | D:4      | Killed Dowan
  2712 | D:4      | Reached skill level 5 in Polearms
  2712 | D:4      | Reached XP level 6. HP: 42/48 MP: 6/6
  3052 | D:4      | Reached skill level 6 in Polearms
  3094 | D:4      | Reached XP level 7. HP: 55/55 MP: 7/7
  3218 | D:5      | Entered Level 5 of the Dungeon
  3270 | D:5      | Found a shimmering blue altar of Sif Muna.
  3332 | D:5      | Noticed Eustachio
  3367 | D:5      | Killed Eustachio
  3442 | D:5      | Reached skill level 7 in Polearms
  3445 | D:5      | Found Betuhot's One-of-a-Kind Rings.
  3511 | D:5      | Noticed Blork the orc
  3518 | D:5      | Killed Blork the orc
  3580 | D:5      | Found a stormy altar of Qazlal.
  3605 | D:5      | Gained mutation: When hurt, damage is shared between your
                  | health and your magic reserves. [demonic ancestry]
  3605 | D:5      | Reached XP level 8. HP: 61/61 MP: 8/8
  3639 | D:5      | Found a transporter.
  3643 | D:5      | Noticed Menkaure
  3703 | D:5      | Found an ancient bone altar of Kikubaaqudgha.
  3743 | D:5      | Found a basalt altar of Yredelemnul.
  3747 | D:5      | Found a transporter.
  3863 | D:5      | Reached skill level 5 in Fighting
  3863 | D:5      | Reached skill level 8 in Polearms
  3873 | D:5      | Noticed Prince Ribbit
  3875 | D:5      | Noticed Grinder
  3886 | D:5      | Paralysed by Grinder for 5 turns
  3897 | D:5      | Killed Prince Ribbit
  3915 | D:5      | Paralysed by Grinder for 2 turns
  3920 | D:5      | Killed Grinder
  3921 | D:5      | Reached skill level 9 in Polearms
  4276 | D:6      | Reached XP level 9. HP: 68/68 MP: 9/9
  4367 | D:6      | Found a runed translucent door.
  4369 | D:6      | Found a runed translucent door.
  4403 | D:6      | Reached skill level 10 in Polearms
  4528 | D:6      | Identified the +6 sling "Tevevinn" {heavy, *Slow rElec rN++
                  | Will- Dex+3}
  5420 | D:7      | Reached skill level 11 in Polearms
  5851 | D:7      | Found a staircase to the Ecumenical Temple.
  6236 | D:8      | Reached skill level 5 in Dodging
  6275 | D:8      | Noticed an unseen horror
  6281 | D:8      | Killed an unseen horror
  6358 | D:8      | Noticed a two-headed ogre
  6372 | D:8      | Gained mutation: You have a pair of small horns on your
                  | head. [demonic ancestry]
  6372 | D:8      | Reached XP level 10. HP: 55/77 MP: 8/10
  6382 | D:8      | Killed a two-headed ogre
  6387 | D:8      | Reached skill level 12 in Polearms
  6462 | D:8      | Noticed a cyclops
  6472 | D:8      | Killed a cyclops
  7251 | D:8      | HP: 3/79 [yak (6)]
  7256 | D:8      | HP: 1/79 [yak (4)]
  7256 | D:8      | Mangled by a yak

Illustrated notes

Levels and vault maps discovered:
D:1:      saegor_arrival_fortress, layout_basic
D:2:      layout_basic, grunt_ministairs_4
D:3:      layout_loops_ring, mainiacjoe_overflow_chevrons, serial_shops, shop,
          bh_walls_and_bars
D:4:      layout_basic, minmay_misc_feat_pillars, uniq_duvessa
D:5:      layout_loops_ring, gammafunk_temple_of_torment, amcnicky_altar_gilded,
          nicolae_qazlal_general_emergency, nicolae_shop_unique_rings,
          kennysheep_generic_room_2, uniq_eustachio, uniq_grinder,
          uniq_prince_ribbit1, uniq_blork_the_orc
D:6:      lemuel_insect_pit, layout_loops_ring
D:7:      layout_loops_corners, tso_metal_star, temple_pool_b
D:8:      layout_cave_pods, small_chamber_with_monster, minmay_manual_monolith
D:9:      layout_grid_maze, nicolae_dithmenos_through_a_glass_darkly,
          due_lair_maze_entry_diamond

Skill      XL: |  1  2  3  4  5  6  7  8  9 10 |
---------------+-------------------------------+-----
Polearms       | 3 4 5 6 7 9 11 12 | 12.5
Dodging        | 3 4 5 |  5.4
Fighting       | 4 5 6 7 |  7.0
Armour         | |  0.3
Stealth        | |  0.1

Action                     |  1- 3 |  4- 6 |  7- 9 | 10-12 || total
---------------------------+-------+-------+-------+-------++-------
  Melee: Spear             |    81 |    92 |   287 |    70 ||   530
         Headbutt          |       |       |       |    15 ||    15
    Use: Potion            |       |       |     1 |     3 ||     4
 Armour: Robe              |     2 |       |       |       ||     2
         Leather armour    |    26 |    26 |    66 |     1 ||   119
         Steam dragon scal |       |       |       |     8 ||     8
  Dodge: Dodged            |    35 |    48 |   158 |    43 ||   284

Table legend: (Time is in decaauts)
 A = Elapsed time spent in this place.
 B = Non-inter-level travel time spent in this place.
 C = Inter-level travel time spent in this place.
 D = Time resting spent in this place.
 E = Time spent auto-exploring this place.
 F = Levels seen in this place.
 G = Mean time per level.
                   A        B        C        D        E       F      G
               +--------+--------+--------+--------+--------+-----+--------+
         Total |   7102 |   6898 |    204 |      0 |   5748 |   9 |  789.1 |
       Dungeon |   7102 |   6898 |    204 |      0 |   5748 |   9 |  789.1 |
               +--------+--------+--------+--------+--------+-----+--------+

Top non-repeatable levels by time:
     D:8: 1125 daAuts
     D:2: 1106 daAuts
     D:7: 945 daAuts
     D:6: 931 daAuts
     D:5: 891 daAuts
     D:3: 766 daAuts
     D:1: 733 daAuts
     D:4: 596 daAuts
     D:9: 6 daAuts
